Map: New Repugnancy LE

Players

kemachi - Winner!

  • Race: Protoss Protoss
  • League: Diamond
  • Spawn Location: 7:00

hit

  • Race: Zerg Zerg
  • League: Diamond
  • Spawn Location: 1:00

VOD

Have the link to the VOD?

Description

Time

  • Played on: June 9, 2019, 6:49 a.m.
  • Length: 14:27
Show
View Real Time Build Order
Export as new Build Order

kemachi Protoss - Winner!

Build Orders:  

Get SALT Encoding   

  12  0:01  Probe  
  13  0:13  Probe  
  14  0:20  Pylon  
  14  0:25  Probe  
  15  0:34  Probe  
  16  0:42  Probe  
  17  0:51  Pylon  
  17  0:52  Probe  
  18  1:05  Probe  
  18  1:08  Assimilator  
  18  1:10  Forge  
  19  1:17  Probe  
  19  1:18  Gateway  
  20  1:29  Probe  
  21  1:33  Assimilator  
  21  1:36  Pylon  
  21  1:44  Photon Cannon  
  21  1:46  Probe  
  22  1:58  Probe  
  23  2:05  Cybernetics Core  
  23  2:20  Zealot  
  23  2:38  Probe  
  24  2:50  Probe  
  25  2:56  Zealot  
  27  3:10  Probe  
  26  3:17  Pylon  
  26  3:18  Adept  
  26  3:24  Probe  
  29  3:36  Probe  
  30  3:48  Probe  
  31  3:50  Nexus  
  31  3:59  Adept  
  31  4:15  Assimilator  
  31  4:19  Warp Gate  
  31  4:21  Protoss Ground Weapons Level 1  
  31  4:34  Probe  
  31  4:35  Pylon  
  32  4:47  Probe  
  33  4:55  Stargate, Probe  
  34  5:02  Probe  
  34  5:03  Probe  
  35  5:10  Probe  
  37  5:25  Probe x2  
  39  5:32  Phoenix  
  35  5:37  Gateway, Probe  
  35  5:38  Probe  
  35  5:40  Gateway  
  35  5:41  Gateway  
  39  5:46  Assimilator, Probe  
  39  5:49  Probe  
  40  5:50  Assimilator  
  40  5:54  Probe  
  40  5:55  Phoenix  
  41  6:01  Probe  
  45  6:06  Stargate  
  45  6:10  Probe  
  46  6:13  Probe  
  47  6:22  Probe  
  48  6:26  Probe  
  49  6:32  Pylon  
  49  6:36  Probe  
  49  6:38  Twilight Council, Probe  
  51  6:45  Phoenix  
  53  6:48  Probe  
  53  6:50  Pylon, Probe  
  55  7:01  Probe  
  56  7:07  Phoenix  
  54  7:18  Probe x2  
  54  7:22  Phoenix  
  56  7:30  Probe  
  57  7:38  Templar Archives  
  57  7:39  Protoss Air Weapons Level 1  
  57  7:40  Zealot x4  
  57  7:42  Charge  
  65  7:45  Phoenix  
  65  7:47  Phoenix  
  69  7:58  Nexus  
  69  8:00  Pylon  
  69  8:04  Pylon  
  69  8:09  Psionic Storm  
  69  8:18  Phoenix x2, Pylon  
  73  8:20  Pylon  
  73  8:23  Pylon  
  73  8:25  Pylon  
  73  8:29  Photon Cannon  
  73  8:31  Photon Cannon  
  73  8:37  Probe x2  
  73  8:45  Phoenix  
  73  8:47  Phoenix  
  77  8:49  Probe x2  
  79  8:57  Protoss Ground Weapons Level 2  
  79  9:08  High Templar  
  81  9:13  Probe x3  
  84  9:17  Zealot x2  
  84  9:18  Zealot  
  84  9:22  Robotics Facility  
  90  9:25  Probe x3  
  93  9:37  Probe x3  
  96  9:39  Zealot x3  
  102  9:49  Probe  
  97  9:58  Zealot  
  88  10:06  High Templar x3  
  94  10:08  Probe x3  
  94  10:11  Assimilator  
  94  10:13  Robotics Bay  
  95  10:14  Assimilator  
  95  10:20  Gateway  
  95  10:22  Zealot  
  95  10:23  Gateway  
  95  10:25  Gateway  
  97  10:38  Probe x3  
  97  10:40  Immortal  
  104  10:43  Zealot  
  104  10:44  Extended Thermal Lance, Zealot x2  
  106  10:50  Probe  
  106  10:54  Probe x2  
  106  10:57  Zealot  
  109  11:02  Probe  
  109  11:03  Robotics Facility  
  110  11:06  Probe x2  
  112  11:14  Probe  
  112  11:16  Zealot x2  
  112  11:17  Zealot x3  
  123  11:19  Colossus  
  129  11:32  Pylon  
  129  11:34  Nexus  
  129  11:35  Pylon  
  111  12:08  Archon  
  111  12:12  Colossus  
  111  12:14  Observer  
  112  12:35  Colossus  
  116  12:39  High Templar x4  
  116  12:40  High Templar x2  
  116  12:43  Archon x2  
  122  12:44  Archon  
  122  12:52  Zealot  
  122  12:56  Pylon, Probe x4  
  128  12:59  Pylon  
  128  13:06  Colossus  
  128  13:08  Probe  
  135  13:14  Assimilator  
  135  13:17  Assimilator  
  135  13:18  Gateway x2  
  135  13:21  Gateway  
  135  13:22  High Templar x2  
  135  13:23  High Templar, Gateway  
  135  13:25  Gateway, High Templar  
  135  13:27  Gateway, Zealot x3  
  145  13:28  Archon, Colossus  
  145  13:29  Archon  
  135  13:58  Zealot x6  
  135  13:59  Zealot  
Show
View Real Time Build Order
Export as new Build Order

hit Zerg 

Build Orders: Pool First 

Get SALT Encoding   

  12  0:02  Drone  
  13  0:21  Spawning Pool  
  13  0:26  Drone  
  13  0:29  Drone  
  13  0:34  Extractor  
  13  0:36  Drone  
  15  0:45  Overlord  
  15  1:08  Zergling x4  
  15  1:09  Queen  
  15  1:10  Zergling x2  
  20  1:32  Hatchery  
  19  1:34  Extractor, Drone  
  19  1:38  Drone  
  20  1:44  Drone  
  21  1:53  Drone  
  22  2:03  Overlord  
  22  2:26  Drone x3  
  25  2:30  Drone  
  25  2:36  Drone  
  27  2:43  Queen  
  29  2:45  Drone  
  30  2:59  Drone  
  30  3:14  Extractor  
  30  3:16  Drone x4  
  33  3:20  Lair  
  33  3:25  Drone  
  34  3:29  Drone  
  34  3:30  Overlord  
  34  3:52  Extractor  
  34  3:54  Drone x3  
  34  3:55  Extractor, Drone x3  
  39  4:00  Metabolic Boost  
  38  4:05  Drone x2  
  38  4:20  Drone  
  38  4:21  Drone  
  38  4:23  Zergling x2  
  41  4:26  Drone x3  
  41  4:27  Overlord  
  44  4:31  Spire  
  44  4:36  Zergling x2  
  44  4:37  Overlord  
  44  4:46  Drone  
  44  4:47  Drone x3  
  48  4:58  Overseer  
  48  5:04  Queen  
  48  5:05  Drone  
  48  5:06  Drone x2  
  53  5:08  Overlord  
  53  5:12  Zergling x6  
  53  5:26  Drone  
  53  5:27  Drone  
  53  5:29  Drone x2  
  53  5:30  Drone  
  53  5:31  Drone x2  
  53  5:34  Overlord  
  57  5:45  Mutalisk x2  
  61  5:50  Hatchery  
  60  5:59  Mutalisk x2  
  60  6:00  Mutalisk x2  
  68  6:14  Hydralisk Den  
  68  6:16  Drone x3  
  68  6:17  Drone x3  
  73  6:24  Overlord x4  
  73  6:35  Drone  
  73  6:36  Extractor, Drone  
  73  6:39  Mutalisk  
  74  6:40  Extractor  
  74  6:44  Queen  
  74  6:45  Queen  
  77  6:58  Drone x2  
  77  6:59  Drone x6  
  77  7:24  Hydralisk x4  
  77  7:25  Hydralisk x3  
  77  7:28  Drone  
  77  7:29  Drone  
  91  7:32  Grooved Spines  
  91  7:39  Drone x3  
  91  7:40  Evolution Chamber  
  93  7:46  Evolution Chamber  
  93  7:49  Spore Crawler  
  91  7:53  Hydralisk x2  
  91  7:54  Hydralisk  
  91  7:56  Pneumatized Carapace  
  95  7:59  Spore Crawler  
  95  8:01  Spore Crawler  
  95  8:02  Drone  
  95  8:03  Drone x4  
  98  8:12  Hydralisk x3  
  102  8:20  Hydralisk x2  
  106  8:28  Zerg Missile Weapons Level 1, Zerg Ground Armor Level 1  
  106  8:29  Hydralisk  
  106  8:30  Hydralisk x3  
  114  8:38  Hatchery  
  113  8:44  Muscular Augments, Overlord x2  
  113  8:55  Overlord  
  113  8:56  Overlord  
  111  9:09  Queen  
  113  9:13  Hydralisk x4  
  113  9:14  Hydralisk x5  
  113  9:15  Hydralisk  
  133  9:32  Infestation Pit, Drone x3  
  122  9:53  Hydralisk x2  
  122  9:54  Hydralisk x6  
  122  9:55  Hydralisk  
  108  10:13  Hive  
  108  10:18  Corruptor, Hydralisk x4  
  108  10:19  Corruptor x3  
  124  10:26  Lurker Den  
  118  10:36  Drone  
  118  10:37  Drone  
  118  10:38  Spore Crawler  
  118  10:39  Drone  
  118  10:40  Overlord, Drone x4  
  124  10:53  Drone x3  
  124  10:57  Drone x6  
  128  10:58  Drone  
  133  11:05  Drone x3  
  136  11:12  Zerg Ground Armor Level 2, Zerg Missile Weapons Level 2  
  136  11:14  Drone x3  
  136  11:16  Extractor  
  138  11:19  Hatchery, Drone x4  
  138  11:20  Drone  
  142  11:26  Overlord x3  
  142  11:28  Greater Spire  
  142  11:32  Burrow  
  142  11:34  Extractor  
  142  11:39  Drone  
  143  11:40  Drone  
  143  11:43  Overlord  
  143  11:44  Overlord  
  143  11:45  Overlord  
  143  11:47  Corruptor x2  
  143  11:48  Corruptor  
  143  11:53  Hydralisk x2  
  143  11:54  Hydralisk x2  
  145  12:00  Overseer  
  107  12:11  Hydralisk x6  
  107  12:12  Hydralisk  
  107  12:13  Hydralisk  
  115  12:16  Hydralisk  
  115  12:18  Hydralisk  
  113  12:26  Hydralisk  
  113  12:27  Hydralisk x2  
  115  12:51  Brood Lord  
  117  12:52  Brood Lord x2  
  117  12:56  Drone  
  117  12:57  Drone  
  123  13:12  Corruptor x2, Hydralisk Den  
  122  13:18  Extractor  
  125  13:20  Brood Lord, Hatchery  
  125  13:24  Drone x2  
  128  13:30  Extractor  
  128  13:32  Extractor  
  126  13:35  Overlord  
  126  13:40  Corruptor x2  
  126  13:42  Hatchery, Corruptor  
  126  13:48  Corruptor  
  97  13:51  Hydralisk  
  95  13:56  Zergling x8  
  95  13:57  Corruptor  
  95  14:00  Hydralisk  
Tags
 
Add a new tag
Caveats
  • Supply blocks, unpowered buildings, or Contaminate may cause inaccurate times.
  • Supply counts are checked every 10 seconds.